 Dungeon Crawl Stone Soup version 0.28.0-53-g5a82cb258f (webtiles) character file.

Game seed: 4252705044420618836

60 Faeu the Insei (level 4, -5/33 HPs)
             Began as a Djinni Transmuter on May 30, 2022.
             Slain by Terence
             ... wielding a +0 mace
              (9 damage)
             ... on level 2 of the Dungeon.
             The game lasted 00:09:00 (2125 turns).

Faeu the Insei (Djinni Transmuter)                  Turns: 2125, Time: 00:09:00

Health: -5/33      AC:  2    Str:  9    XL:     4   Next: 24%
Gold:   45         EV: 13    Int: 14    God:
                   SH:  0    Dex: 16

rFire   + + .      SeeInvis .     - Unarmed
rCold   x . .      Faith    .   (no shield)
rNeg    . . .      Spirit   .   a - +0 robe
rPois   ∞          Reflect  .   (no helmet)
rElec   .          Harm     .   (no cloak)
rCorr   .          Rampage  .   (no gloves)
Will    .....                   (boots unavailable)
Stlth   +.........              (no amulet)
HPRegen 0.11/turn               (no ring)
MPRegen 0.00/turn               (no ring)

@: wereblooded, flying
A: sickness immunity, fire resistance 2, cold vulnerability 1, float, innate
caster, HP casting, extra vitality 1
a: no special abilities


You were on level 2 of the Dungeon.
You visited 1 branch of the dungeon, and saw 2 of its levels.

You collected 45 gold pieces.


Innate Abilities, Weirdness & Mutations

You are immune to sickness and miasma.
You are immune to poison.
Your flesh is very heat resistant. (rF++)
You are vulnerable to cold. (rC-)
You float through the air rather than walking.
You learn spells naturally, not from books.
Your magical power is your life essence.
You have superior vitality. (+4 MHP)


   Skills:
 + Level 2.1 Fighting
 - Level 2.9 Dodging
 - Level 3.4 Unarmed Combat
 - Level 2.1 Spellcasting


You couldn't memorise any spells.
You knew the following spells:

 Your Spells              Type           Power      Damage    Failure   Level
a - Beastly Appendage     Tmut           14%        N/A       10%         1
b - Wereblood             Tmut           7%         N/A       16%         2
c - Spider Form           Tmut/Pois      7%         N/A       30%         3
d - Ice Form              Ice/Tmut       7%         N/A       69%         4
e - Sting                 Tmut/Pois      28%        1d4       10%         1
Your spell library was empty.

Inventory:

Hand Weapons
 i - a +1 short sword of speed {short}
   (You took it off a kobold on level 1 of the Dungeon)
Missiles
 c - 16 stones {throwing}
 h - 20 arrows
 m - 4 poisoned darts {throwing}
 n - 4 boomerangs {throwing}
Armour
 a - a +0 robe (worn)
Scrolls
 b - a scroll of identify {unknown}
 g - a scroll of teleportation {unknown}
 j - a scroll of enchant armour {unknown}
Potions
 d - a potion of flight {unknown}
 e - a potion of berserk rage {unknown}
 f - a potion of curing {unknown}
 k - a potion of invisibility {unknown}
 l - 2 potions of degeneration {unknown}
 o - a potion of magic {unknown}

Dungeon Overview and Level Annotations

Branches:
Dungeon (2/15)

Altars:

Shops:
D:1 =

Annotations:
D:2 Terence

#.# # #.##. ## #.##. ###>
#.##. ... #.##.
#.####################.##.
#......................##.
#(.((...@@[...............
#..############.#########.
#..# #.# #. ##.#
#.#########. #..
#†##........ #..
#.##.######. #.. #.# #.
##.. #.# #####. #. #.# #.#
#.....


You could see Terence.


Message History

You hit the dart slug. The dart slug launches a dart at you.
The slug dart misses you.
You hit the dart slug but do no damage. You hit the dart slug but do no damage.
You punch the dart slug, but do no damage.
The dart slug launches a dart at you. The slug dart hits you. 😕 HP[-4]
You take 4 damage, and now have 28/33 hp.
You hit the dart slug.
The dart slug bites you but does no damage.
You hit the dart slug but do no damage. You hit the dart slug.
The dart slug barely misses you.
You hit the dart slug. You hit the dart slug.
You kill the dart slug!
You see here a dart slug corpse. 😕 HP[+1]
You see here a dart slug corpse.
You start resting.
HP restored. 😎 HP[+4]
You see here a dart slug corpse.
You see here a +0 pair of boots.
Terence the Incautious comes into view.
He is wielding a +0 mace.
Terence shouts!
Terence moves out of view.
Terence looks scornfully at you.
Attack: -) Nothing wielded
Press: ? - help, Dir - move target, f - Terence
Aim: Terence, wielding a +0 mace and wearing a +0 scale mail (about 35% to evade your hands)
Your weapon can't reach that far!
Okay, then.
Throw: 6 darts (poison) {throwing}
Press: ? - help, Shift-Dir - straight line, f - Terence
Aim: Terence, wielding a +0 mace and wearing a +0 scale mail (64% to hit)
You throw a poisoned dart {throwing}.
The poisoned dart {throwing} hits Terence.
You aren't carrying any items that you can evoke.
Throw: 5 darts (poison) {throwing}
Press: ? - help, Shift-Dir - straight line, f/p - Terence
Aim: Terence, wielding a +0 mace and wearing a +0 scale mail (64% to hit)
You throw a poisoned dart {throwing}.
The poisoned dart {throwing} hits Terence.
Terence is poisoned.
You aren't carrying any items that you can evoke.
Throw: 17 stones {throwing}
Press: ? - help, Shift-Dir - straight line, f/p - Terence
Aim: Terence, wielding a +0 mace and wearing a +0 scale mail (poisoned, 64% to hit)
You throw a stone {throwing}.
The stone {throwing} barely misses Terence.
Sorry, you're not good enough to have a special ability.
Casting: Wereblood (safe; 16% risk of failure)
Confirm with . or Enter, or press ? or * to list all spells.
You miscast Wereblood.
You are very lightly contaminated with residual magic.
Nothing appears to happen.
Terence closely misses you. 😕 HP[-2]
You take 2 damage, and now have 31/33 hp.
Casting: Wereblood (safe; 16% risk of failure)
Confirm with . or Enter, or press ? or * to list all spells.
Your blood is infused with primal strength.
Terence barely misses you. 😕 HP[-2]
You take 2 damage, and now have 29/33 hp.
You hit Terence.
Terence looks more healthy.
Terence hits you with a +0 mace! 😮 HP[-7]
You take 7 damage, and now have 22/33 hp.
MASSIVE DAMAGE!! (PAUSE)
You hit Terence but do no damage.
Terence hits you with a +0 mace. 😮 HP[-2]
You take 2 damage, and now have 20/33 hp.
You hit Terence but do no damage. You completely miss Terence.
Terence closely misses you.
You hit Terence but do no damage. Terence closely misses you.
You completely miss Terence. Terence hits you with a +0 mace.
* * * LOW HITPOINT WARNING * * *
Your magical contamination has completely faded away. 😨 HP[-6]
You take 6 damage, and now have 14/33 hp.
You barely miss Terence. Terence hits you with a +0 mace.
* * * LOW HITPOINT WARNING * * *
😨 HP[-2]
You take 2 damage, and now have 12/33 hp.
You barely miss Terence. Terence barely misses you.
You hit Terence. Terence closely misses you.
You hit Terence but do no damage.
Terence says, "Rest in peace."
Terence hits you with a +0 mace.
* * * LOW HITPOINT WARNING * * *
😱 HP[-4]
You take 4 damage, and now have 8/33 hp.
You barely miss Terence. Terence closely misses you.
You hit Terence. Terence hits you with a +0 mace.
* * * LOW HITPOINT WARNING * * *
😱 HP[-4]
You take 4 damage, and now have 4/33 hp.
You hit Terence but do no damage. Terence hits you with a +0 mace!
You die...

Skill      XL: |  1  2  3  4 |
---------------+-------------+-----
Spellcasting   | 2 |  2.1
Fighting       | 2 |  2.1
Dodging        | |  2.9
Unarmed Combat | |  3.4

Action                   |  1- 3 |  4- 6 || total
-------------------------+-------+-------++-------
Melee: Unarmed           |    48 |    35 ||    83
       Headbutt          |     7 |       ||     7
       Short sword       |    62 |     5 ||    67
       Punch             |     4 |     3 ||     7
Throw: Dart              |       |     2 ||     2
       Stone             |       |     1 ||     1
 Cast: Beastly Appendage |     6 |       ||     6
       Wereblood         |     2 |     3 ||     5
 Stab: Sleeping          |     1 |       ||     1
Armor: Robe              |    19 |     3 ||    22
Dodge: Dodged            |    73 |    22 ||    95

Levels and vault maps discovered:
D:1:      lemuel_arrival_broad_hall, layout_basic, serial_shops, shop
D:2:      layout_basic, serial_shops, shop_statue, uniq_jessica, uniq_terence

Notes
Turn   | Place    | Note
-------+----------+-------------------------------------------
     0 | D:1      | Faeu the Djinni Transmuter began the quest for the Orb.
     0 | D:1      | Reached XP level 1. HP: 17/17 MP: 0/0
     0 | D:1      | magus.rc [v1.9.6]
   172 | D:1      | Reached XP level 2. HP: 16/22 MP: 0/0
   274 | D:1      | Found Uxkiag's Jewellery Boutique.
  1106 | D:1      | Reached XP level 3. HP: 19/27 MP: 0/0
  1106 | D:1      | Learned a level 1 spell: Sting
  1378 | D:2      | Reached skill level 2 in Spellcasting
  1451 | D:2      | HP: 7/28 [worm (7)]
  1453 | D:2      | HP: 1/28 [worm (6)]
  1745 | D:2      | Reached XP level 4. HP: 28/33 MP: 0/0
  1992 | D:2      | Reached skill level 2 in Fighting
  2100 | D:2      | Noticed Terence
  2122 | D:2      | HP: 8/33 [Terence/+0 mace (4)]
  2125 | D:2      | Slain by Terence

Vanquished Creatures
  3 adders (D:2)
  A worm (D:2)
  A dart slug (D:2)
  2 endoplasms (D:1)
  2 giant cockroaches (D:1)
  3 hobgoblins
  2 jackals (D:1)
  4 ball pythons (D:1)
  4 bats
  3 kobolds
  4 rats
29 creatures vanquished.

Table legend:
 A = Non-vault XP
 B = Vault XP
 C = Vault XP percentage of total XP
 D = Non-vault monster count
 E = Vault monster count
 F = Vault count percentage of total count
                 A         B        C        D         E       F
            +---------+---------+-------+---------+---------+-------
      Total |      86 |       0 |   0.0 |      29 |       0 |   0.0
            +---------+---------+-------+---------+---------+-------
        D:1 |      29 |       0 |   0.0 |      19 |       0 |   0.0
        D:2 |      57 |       0 |   0.0 |      10 |       0 |   0.0
            +---------+---------+-------+---------+---------+-------

Illustrated notes

Table legend:
 A = Kills in this place as a percentage of kills in entire the game.
 B = Kills by you in this place as a percentage of kills by you in the entire game.
 C = Kills by friends in this place as a percentage of kills by friends in the entire game.
 D = Other kills in this place as a percentage of other kills in the entire game.
 E = Experience gained in this place as a percentage of experience gained in the entire game.
 F = Experience gained in this place divided by the number of levels of this place that you have seen.
                   A       B       C       D       E      F
               +-------+-------+-------+-------+-------+----------------------
         Total | 100.0 | 100.0 |   N/A |   N/A | 100.0 |  43.0
       Dungeon | 100.0 | 100.0 |   N/A |   N/A | 100.0 |  43.0
               +-------+-------+-------+-------+-------+----------------------

Table legend: (Time is in decaauts)
 A = Elapsed time spent in this place.
 B = Non-inter-level travel time spent in this place.
 C = Inter-level travel time spent in this place.
 D = Time resting spent in this place.
 E = Time spent auto-exploring this place.
 F = Levels seen in this place.
 G = Mean time per level.
                   A        B        C        D        E       F      G
               +--------+--------+--------+--------+--------+-----+--------+
         Total |   2101 |   2083 |     18 |    661 |    794 |   2 | 1050.5 |
       Dungeon |   2101 |   2083 |     18 |    661 |    794 |   2 | 1050.5 |
               +--------+--------+--------+--------+--------+-----+--------+

Top non-repeatable levels by time:
     D:1: 1276 daAuts
     D:2: 824 daAuts
